 Dungeon Crawl Stone Soup version 0.19-a0-743-ge0d55e4 (webtiles) character file.

43640 qqqbard the Bludgeoner (level 13, -1/111 HPs)
             Began as a Minotaur Fighter on June 23, 2016.
             Was an Elder of the Shining One.
             Slain by a death yak (18 damage)
             ... on level 6 of the Lair of Beasts.
             The game lasted 00:30:20 (16669 turns).

qqqbard the Bludgeoner (Minotaur Fighter)          Turns: 16669, Time: 00:30:21

Health: -1/111     AC: 21    Str: 24    XL:     13   Next: 91%
Magic:  12/12      EV: 13    Int:  5    God:    the Shining One [****..]
Gold:   1025       SH: 12    Dex: 12    Spells: 0 memorised, 12 levels left

rFire  . . .     SeeInvis .     a - +1 flail (freeze)
rCold  . . .     Gourm    +     X - +0 plate armour
rNeg   + + +     Faith    .     c - +0 shield
rPois  .         Spirit   .     (helmet restricted)
rElec  .         Dismiss  .     B - +2 cloak
rCorr  .         Reflect  .     v - +0 pair of gloves
SustAt .         Harm     .     D - +0 pair of boots
MR     .....                    t - amulet of the gourmand
Stlth  ..........               x - +3 ring of evasion
                                q - ring of positive energy

@: glowing, not resistant to hostile enchantments, extremely unstealthy
A: retaliatory headbutt, horns 2
a: Divine Shield, Cleansing Flame, Renounce Religion


You were on level 6 of the Lair of Beasts.
You worshipped the Shining One.
The Shining One was greatly pleased with you.
You were not hungry.

You visited 3 branches of the dungeon, and saw 18 of its levels.

You collected 1025 gold pieces.

Inventory:

Hand Weapons
 a - a +1 flail of freezing (weapon)
Armour
 c - a +0 shield (worn)
 v - a +0 pair of gloves (worn)
 B - a +2 cloak (worn)
 D - a +0 pair of boots (worn)
 X - a +0 plate armour (worn)
Jewellery
 b - an uncursed ring of stealth
 d - an uncursed amulet of guardian spirit {unknown}
 n - a +3 ring of strength {unknown}
 p - an uncursed ring of wizardry
 q - a ring of positive energy (left hand)
 t - an amulet of the gourmand (around neck)
 x - a +3 ring of evasion (right hand)
 V - an uncursed ring of fire {unknown}
Wands
 j - a wand of paralysis (10/24)
 E - a wand of iceblast (10/15)
 G - a wand of paralysis (17/24)
 H - a wand of lightning (7/15)
 M - a wand of confusion (26/48)
 N - a wand of iceblast (12/15)
 O - a wand of flame (17/48)
 W - a wand of disintegration (22/24)
 Z - a wand of flame (23/48)
Scrolls
 h - 5 scrolls of remove curse
 i - 3 scrolls of teleportation
 m - 4 scrolls of amnesia
 s - a scroll of blinking
 u - a scroll of enchant weapon
 w - 3 scrolls of recharging
 Y - 5 scrolls of identify
Potions
 e - a potion of invisibility
 o - 4 potions of lignification
 r - 2 potions of agility
 A - a potion of mutation {unknown}
 C - a potion of curing {unknown}
 I - a potion of brilliance
 J - a potion of cancellation {unknown}
 Q - a potion of resistance {unknown}
 R - a potion of haste {unknown}
 U - a potion of magic {unknown}
Books
 y - a book of Conjurations

   Spells                             Type                      Level
   a - Magic Dart                     Conjuration                  1
   b - Searing Ray                    Conjuration                  2
   c - Dazzling Spray                 Conjuration/Hexes            3
   d - Fulminant Prism                Conjuration/Hexes            4
   e - Iskenderun's Mystic Blast      Conjuration                  4
   f - Iskenderun's Battlesphere      Conjuration/Charms           5
 z - a book of Air

   Spells                             Type                      Level
   a - Shock                          Conjuration/Air              1
   b - Swiftness                      Charms/Air                   2
   c - Repel Missiles                 Charms/Air                   2
   d - Static Discharge               Conjuration/Air              3
   e - Lightning Bolt                 Conjuration/Air              5
 L - a book of Unlife

   Spells                             Type                      Level
   a - Recall                         Summoning/Translocation      3
   b - Animate Dead                   Necromancy                   4
   c - Control Undead                 Necromancy                   4
   d - Cigotuvi's Embrace             Necromancy                   5
   e - Death Channel                  Necromancy                   6
   f - Simulacrum                     Ice/Necromancy               6
 T - a book of Misfortune

   Spells                             Type                      Level
   a - Confusing Touch                Hexes                        2
   b - Confuse                        Hexes                        3
   c - Gell's Gravitas                Hexes/Translocation          3
   d - Petrify                        Transmutation/Earth          4
   e - Metabolic Englaciation         Hexes/Ice                    5
   f - Yara's Violent Unravelling     Hexes/Transmutation          5
Miscellaneous
 S - a box of beasts
Comestibles
 f - 16 bread rations
 g - 14 beef jerkies
 k - 3 slices of pizza
 l - 9 meat rations
 F - 5 chunks of flesh
 K - a royal jelly
 P - 37 fruits


   Skills:
 + Level 9.5 Fighting
 - Level 19.0 Maces & Flails
 + Level 11.1 Armour
 + Level 8.4 Dodging
 + Level 11.1 Shields


You had 12 spell levels left.
You didn't know any spells.

Dungeon Overview and Level Annotations

Branches:
Dungeon (11/15)            Temple (1/1) D:6            Lair (6/6) D:10
  Swamp (0/4) Lair:2       Spider (0/4) Lair:4        Slime (0/5) Lair:6
    Orc (0/2) D:10

Altars:
Ashenzari
Cheibriados
Dithmenos
Fedhas
Gozag
Hepliaklqana
Kikubaaqudgha
Makhleb
Nemelex Xobeh
Okawaru
Pakellas
Qazlal
Ru
Sif Muna
Trog
Uskayaw
Vehumet
Xom
Yredelemnul
Zin
The Shining One

Shops:
D:4 (   D:7 *   D:9 %

Annotations:
Lair:6 exclusion: oklob plant


Innate Abilities, Weirdness & Mutations

You reflexively headbutt those who attack you in melee.
You have a pair of horns on your head.


Message History

You headbutt the spiny frog!
You kill the spiny frog!
The death yak barely misses you.
You hit the death yak but do no damage.
The death yak is lightly wounded.
You hit the death yak. You freeze the death yak. You headbutt the death yak!
The death yak is moderately wounded.
You hear the rumble of a very distant avalanche of rocks.
The death yak gores you!
* * * LOW HITPOINT WARNING * * *
You are too injured to fight recklessly!
You are too injured to fight recklessly!
You hit the death yak. You freeze the death yak. You headbutt the death yak.
The death yak is heavily wounded.
The death yak gores you!
* * * LOW HITPOINT WARNING * * *
You hit the death yak. You freeze the death yak. You headbutt the death yak!
The death yak is heavily wounded.
The death yak gores you!!
You die...

###........#...#....P#
##.....#...#...#...######
.#####...########...#...#
.......#.....##P....#...# .
../..........##.....#../ ...
......†......###....#.##....
.....††......###............
...†#........##Y#†........#.
..†.PP........##@#........#
##..P........# ###........#
###........### ####.P.###
##...#......# ####
...........## .........##
..........# .....#....###
.†.........P♣


You could see a death yak.

Vanquished Creatures
  The ghost of coldmonkey the Brawler, a journeyman TrFi of Cheibriados (Lair:2)
  2 hydras
  An unseen horror (D:9)
  2 hill giants
  Pikel (D:7)
  2 cyclopes
  2 ugly things (D:11)
  2 elephants (Lair:6)
  4 black mambas
  A gargoyle (D:10)
  13 spiny frogs
  5 komodo dragons
  A rime drake (Lair:6)
  3 trolls
  6 jumping spiders (Lair:4)
  A boulder beetle (Lair:4)
  2 blink frogs (Lair:6)
  2 redbacks (Lair:4)
  Sigmund (D:5)
  3 wyverns
  2 wraiths
  26 yaks
  2 basilisks (Lair:6)
  3 vampire mosquitoes (Lair:2)
  4 hippogriffs
  A hungry ghost (D:7)
  2 water moccasins
  3 porcupines
  9 orc warriors
  A black bear (D:10)
  5 sky beasts
  3 ice beasts
  A slave (D:7)
  7 ogres
  A wolf (Lair:6)
  4 centaurs
  9 crocodiles
  3 big kobolds
  15 giant frogs
  A wyvern zombie (D:10)
  6 gnoll sergeants (D:10)
  4 scorpions
  2 water moccasin skeletons
  10 killer bees
  5 wights (D:11)
  15 howler monkeys
  An electric eel (Lair:6)
  3 centaur zombies
  4 crimson imps
  4 hounds
  A giant frog zombie (D:9)
  A quasit (D:9)
  6 orc priests
  A centaur skeleton (D:5)
  11 iguanas
  6 orc wizards
  4 worker ants
  8 sheep
  A hound zombie (D:5)
  A hound skeleton (D:5)
  A howler monkey zombie (D:5)
  A worker ant zombie (D:6)
  11 gnolls
  A howler monkey skeleton (D:9)
  6 adders
  29 river rats
  A shadow imp (D:10)
  An ooze (D:1)
  3 adder skeletons
  3 worms
  2 dart slugs (D:1)
  5 giant geckos
  44 orcs
  5 bats
  A giant cockroach (D:1)
  8 hobgoblins
  14 jackals
  6 quokkas
  2 ball pythons
  A giant gecko skeleton (D:4)
  A giant gecko zombie (D:6)
  3 giant newts
  6 goblins
  19 kobolds
  3 rats
  A fire vortex (D:11)
  A fungus (Lair:2)
430 creatures vanquished.

Vanquished Creatures (others)
  2 slaves (D:7)
  2 sheep (D:7)
  A river rat (Lair:6)
  3 fungi (Lair:6)
8 creatures vanquished.

Grand Total: 438 creatures vanquished

Notes
Turn   | Place    | Note
--------------------------------------------------------------
     0 | D:1      | qqqbard the Minotaur Fighter began the quest for the Orb.
     0 | D:1      | Reached XP level 1. HP: 19/19 MP: 0/0
    97 | D:1      | Reached skill level 3 in Maces & Flails
    97 | D:1      | Reached XP level 2. HP: 23/26 MP: 1/1
    98 | D:1      | Reached skill level 1 in Dodging
   525 | D:1      | Reached XP level 3. HP: 31/31 MP: 2/2
  1052 | D:2      | Reached skill level 4 in Maces & Flails
  1052 | D:2      | Reached XP level 4. HP: 35/39 MP: 3/3
  1464 | D:3      | Found a snail-covered altar of Cheibriados.
  1725 | D:3      | Reached skill level 5 in Maces & Flails
  1732 | D:3      | Reached XP level 5. HP: 36/45 MP: 4/4
  2139 | D:4      | Reached skill level 6 in Maces & Flails
  2173 | D:4      | Found a burning altar of Makhleb.
  2173 | D:4      | Found a glowing silver altar of Zin.
  2174 | D:4      | Noticed an angel
  2174 | D:4      | Noticed an Executioner
  2234 | D:4      | Found Megreg's Weapon Shop.
  2275 | D:4      | Found a basalt altar of Yredelemnul.
  2349 | D:4      | Reached XP level 6. HP: 41/51 MP: 5/5
  2353 | D:4      | Reached skill level 7 in Maces & Flails
  2465 | D:5      | Entered Level 5 of the Dungeon
  2516 | D:5      | Reached skill level 8 in Maces & Flails
  2523 | D:5      | Reached XP level 7. HP: 12/57 MP: 6/6
  2637 | D:5      | Reached skill level 9 in Maces & Flails
  2881 | D:5      | Noticed Sigmund
  2892 | D:5      | Killed Sigmund
  3203 | D:5      | Found an oddly glowing altar of Pakellas.
  3250 | D:5      | Reached XP level 8. HP: 58/67 MP: 7/7
  3324 | D:5      | Found a sacrificial altar of Ru.
  3453 | D:6      | Found a staircase to the Ecumenical Temple.
  3462 | Temple   | Entered the Ecumenical Temple
  3472 | Temple   | Became a worshipper of the Shining One
  3918 | D:6      | Reached skill level 5 in Fighting
  3918 | D:6      | Reached skill level 10 in Maces & Flails
  4047 | D:6      | Reached skill level 5 in Shields
  4073 | D:6      | Reached skill level 5 in Armour
  4589 | D:7      | Found a shadowy altar of Dithmenos.
  4731 | D:7      | Found a stormy altar of Qazlal.
  4734 | D:7      | Noticed Pikel
  4759 | D:7      | Killed Pikel
  4759 | D:7      | Reached skill level 5 in Dodging
  4759 | D:7      | Reached XP level 9. HP: 66/75 MP: 8/8
  4793 | D:7      | Reached * piety under the Shining One
  4793 | D:7      | Reached skill level 11 in Maces & Flails
  4958 | D:7      | Found Deimn's Assorted Antiques.
  5387 | D:7      | Noticed a cyclops
  5405 | D:7      | Killed a cyclops
  5709 | D:8      | Reached skill level 12 in Maces & Flails
  5727 | D:8      | Reached XP level 10. HP: 62/84 MP: 9/9
  6468 | D:8      | Found a shimmering altar of Xom.
  6531 | D:8      | Found a hide-covered altar of Uskayaw.
  6831 | D:9      | Found a blossoming altar of Fedhas.
  6888 | D:9      | Found Biatur's Food Shop.
  6906 | D:9      | Noticed a cyclops
  6912 | D:9      | Killed a cyclops
  6954 | D:9      | Noticed an unseen horror
  6960 | D:9      | Killed an unseen horror
  7530 | D:9      | Found an ancient bone altar of Kikubaaqudgha.
  7530 | D:9      | Reached ** piety under the Shining One
  7583 | D:10     | Entered Level 10 of the Dungeon
  7605 | D:10     | Noticed a gargoyle
  7628 | D:10     | Killed a gargoyle
  7648 | D:10     | Noticed a hill giant
  7671 | D:10     | HP: 4/132 [hill giant/giant club (9)]
  7680 | D:10     | Killed a hill giant
  7680 | D:10     | Reached skill level 13 in Maces & Flails
  8125 | D:10     | Found a staircase to the Orcish Mines.
  8137 | D:10     | Reached XP level 11. HP: 82/94 MP: 10/10
  8873 | D:10     | Found a staircase to the Lair.
  9383 | D:11     | Reached *** piety under the Shining One
  9572 | D:11     | Noticed a hill giant
  9590 | D:11     | Killed a hill giant
  9885 | D:11     | Noticed a purple ugly thing
  9887 | D:11     | Noticed a cyan ugly thing
  9918 | D:11     | Killed a purple ugly thing
  9925 | D:11     | Killed a purple ugly thing
 10356 | D:11     | Noticed an eight-headed hydra
 10632 | D:10     | Reached skill level 14 in Maces & Flails
 10746 | D:11     | Noticed a white ugly thing
 11558 | Lair:1   | Entered Level 1 of the Lair of Beasts
 11636 | Lair:1   | Reached skill level 15 in Maces & Flails
 11972 | Lair:1   | Noticed an eight-headed hydra
 11992 | Lair:1   | Killed an eight-headed hydra
 12347 | Lair:1   | Reached XP level 12. HP: 76/103 MP: 11/11
 12397 | Lair:1   | Reached skill level 16 in Maces & Flails
 12471 | Lair:1   | You fall through a shaft!
 12484 | Lair:2   | Found a staircase to the Swamp.
 12488 | Lair:2   | Reached **** piety under the Shining One
 12802 | Lair:2   | Noticed coldmonkey's ghost (journeyman TrFi)
 12832 | Lair:2   | Reached skill level 17 in Maces & Flails
 12832 | Lair:2   | Reached skill level 10 in Armour
 12832 | Lair:2   | Reached skill level 10 in Shields
 12832 | Lair:2   | Reached XP level 13. HP: 29/110 MP: 12/12
 12838 | Lair:2   | HP: 11/247 [coldmonkey's ghost (22)]
 12842 | Lair:2   | Killed coldmonkey's ghost
 13494 | Lair:2   | Found a sacrificial altar of Ru.
 14199 | Lair:3   | Reached skill level 18 in Maces & Flails
 14852 | Lair:4   | Found a hole to the Spider Nest.
 15986 | Lair:5   | Reached skill level 19 in Maces & Flails
 16330 | Lair:6   | Entered Level 6 of the Lair of Beasts
 16437 | Lair:6   | Found a staircase to the Slime Pits.
 16669 | Lair:6   | Slain by a death yak

Vault maps used:
D:1:      mainiacjoe_arrival_reflecting_pool, minmay_surrounded
D:2:      wad_lake_hut, first_bread
D:3:      cheibriados_altar_1
D:4:      grunt_temple_overflow_order_and_chaos_2, kennysheep_little_box,
          serial_shops, shop_statue
D:5:      kennysheep_mini_moat, grunt_pakellas_basics, uniq_sigmund
D:7:      nicolae_qazlal_general_emergency, overflow_temple_1_default,
          serial_shops, shop, serial_glass, glass_columns_a, glass_columns_a,
          glass_columns_b, glass_columns_b, glass_columns_a, glass_columns_a,
          glass_columns_a, glass_columns_a, glass_columns_a, glass_columns_c,
          grunt_ogre_cave, uniq_pikel
D:8:      marbit_many_paths, lemuel_coloured_pillars_altar,
          kennysheep_generic_room_9
D:9:      nicolae_overflow_hidden_temple, lemuel_round_altar,
          lemuel_crystal_altar, serial_shops, nicolae_shop_window_shopping
D:10:     lair_0_dummy, kennysheep_orc_monster_closet_entryway
Temple:   dpeg_chambers_temple
Lair:1:   grunt_megastairs_3
Lair:2:   minmay_swamp_entry_swarm, basic_altar, grunt_forest_large_clearings
Lair:3:   lemuel_fruit_tree
Lair:4:   nicolae_spider_entry_tight_spaces, serial_bayou_shore_b,
          grunt_megastairs_5, infiniplex_staircase_pool_2
Lair:6:   hangedman_lair_in_review, dpeg_slime_entry_corner,
          nicolae_volcano_entry_hallway, serial_bayou_pond_b,
          grunt_megastairs_1, uniq_kirke

Skill      XL: |  1  2  3  4  5  6  7  8  9 10 11 12 13 |
---------------+----------------------------------------+-----
Maces & Flails | 3 4 5 6 8 9 10 12 13 15 17 19 | 19.0
Dodging        | 2 3 5 7 8 |  8.4
Fighting       | 4 5 6 8 9 |  9.5
Shields        | 4 5 7 8 9 10 11 | 11.1
Armour         | 4 5 7 8 9 10 11 | 11.1

Action                   |  1- 3 |  4- 6 |  7- 9 | 10-12 | 13-15 || total
-------------------------+-------+-------+-------+-------+-------++-------
Melee: Flail             |   106 |   136 |   330 |   707 |   380 ||  1659
       Headbutt          |    13 |    23 |    71 |   127 |    93 ||   327
  Use: Scroll            |     1 |       |     6 |    10 |     7 ||    24
       Potion            |       |       |       |    14 |     1 ||    15
  Eat: Chunk             |       |     5 |    31 |    23 |     8 ||    67
       Fruit             |       |       |     3 |       |       ||     3
Armor: Scale mail        |    42 |    10 |       |       |       ||    52
       Chain mail        |       |    64 |   119 |   116 |       ||   299
       Skin              |       |       |       |    55 |       ||    55
       Plate armour      |       |       |       |    33 |    96 ||   129
Dodge: Dodged            |    35 |    43 |    90 |   218 |   119 ||   505
Block: Shield            |    71 |    74 |   130 |   333 |   164 ||   772
